 Dungeon Crawl Stone Soup version 0.26-a0-651-gb41185065b (webtiles) character file.

Game seed: 12281953306394498061

673 Lanoc the Magician (level 7, -4/44 HPs)
             Began as a Deep Elf Wanderer on Oct 29, 2020.
             Was an Initiate of Wu Jian.
             Slain by a worm (8 damage)
             ... on level 5 of the Dungeon.
             The game lasted 00:05:39 (3744 turns).

Lanoc the Magician (Deep Elf Wanderer)              Turns: 3744, Time: 00:05:40

Health: -4/44      AC:  4    Str:  9    XL:     7   Next: 33%
Magic:  0/20       EV: 10    Int: 17    God:    Wu Jian [......]
Gold:   62         SH:  6    Dex: 16    Spells: 20/21 levels left

rFire    . . .     SeeInvis +   a - +2 dagger
rCold    + . .     Faith    .   b - +2 buckler
rNeg     . . .     Spirit   +   e - +2 robe {rC+}
rPois    .         Reflect  .   (helmet currently unavailable)
rElec    .         Harm     .   (no cloak)
rCorr    .         Rampage  .   (no gloves)
MR       .....                  (boots currently unavailable)
Stlth    ++........             r - amulet of guardian spirit
HPRegen  0.14/turn              f - ring of see invisible
MPRegen  0.17/turn              (no ring)

@: appendages (expiring)
A: horns 2, talons 2
a: End Transformation, Renounce Religion


You were on level 5 of the Dungeon.
You worshipped Wu Jian.
Wu Jian was noncommittal.
You had grown temporary horns.
You had grown temporary talons.
You visited 2 branches of the dungeon, and saw 6 of its levels.

You collected 62 gold pieces.

Inventory:

Hand Weapons
 a - a +2 dagger (weapon)
Missiles
 d - 10 poisoned darts (quivered)
Armour
 b - a +2 buckler (worn)
 e - a +2 robe of cold resistance (worn)
Jewellery
 f - a ring of see invisible (left hand)
 r - an amulet of guardian spirit (around neck)
Wands
 h - a wand of random effects (26)
Scrolls
 g - 3 scrolls of identify {unknown}
 k - a scroll of remove curse {unknown}
 l - a scroll of enchant weapon {unknown}
 n - a scroll of amnesia {unknown}
 o - a scroll of magic mapping {unknown}
 p - a scroll of enchant armour {unknown}
Potions
 c - a potion of flight {unknown}
 i - 2 potions of might
 j - a potion of curing {unknown}
 m - a potion of berserk rage {unknown}
 q - a potion of haste


   Skills:
 + Level 4.3 Fighting
   Level 2.0 Staves
 - Level 2.0 Throwing
 - Level 1.2 Stealth
 * Level 1.2 Shields
 + Level 7.8 Spellcasting
   Level 1.2 Necromancy
   Level 2.0 Air Magic


You had 20 spell levels left.
You knew the following spells:

 Your Spells              Type           Power        Failure   Level
a - Beastly Appendage     Tmut           #.....       16%         1

Your spell library contained the following spells:

 Spells                   Type           Power        Failure   Level
 Spider Form              Tmut/Pois      #.........   41%         3


Dungeon Overview and Level Annotations

Branches:
Dungeon (5/15)             Temple (1/1) D:5

Altars:
Cheibriados
Elyvilon
Gozag
Hepliaklqana
Kikubaaqudgha
Makhleb
Qazlal
Ru
Trog
Uskayaw
Vehumet
Wu Jian
Xom
Zin


Innate Abilities, Weirdness & Mutations

You have a pair of horns on your head.
You have razor-sharp toenails.


Message History

The ice beast hits you.
* * * LOW HITPOINT WARNING * * *
The ice beast freezes you. You resist.
* * * LOW HITPOINT WARNING * * *
The worm bites you.
* * * LOW HITPOINT WARNING * * *
Casting: Beastly Appendage (safe; 17% risk of failure)
Confirm with . or Enter, or press ? or * to list all spells.
You grow a pair of large bovine horns.
Your feet morph into talons.
You block the ice beast's attack.
You hit the ice beast but do no damage. You claw the ice beast.
You kill the ice beast!
The Council accepts your kill.
You feel your dexterity returning.
Your Shields skill increases to level 1!
Your transformation is almost over.
You hit the worm.
The worm is lightly wounded.
The worm bites you!
You die...

##..## #..# ##..##
#..# ##..## #...#
##...# ##...#
##...## ##...#
##..w## ###....#
#.###....#
##.....##
#........###......#
#######..w@.......#
#..###.#.##......
##.# #...# #.....
#.# ###.# #####
#)#####.#########
#..............[#
######..#######.#
#..........#
#.########.#


You could see a worm.

Vanquished Creatures
  Sigmund (D:2)
  An ice beast (D:5)
  Purgy (D:4)
  Blork the orc (D:4)
  2 hounds
  A centaur skeleton (D:4)
  Ijyb (D:3)
  3 worker ants
  3 adders
  An ooze (D:3)
  A worm (D:3)
  2 leopard geckos
  5 orcs
  6 giant cockroaches
  2 hobgoblins (D:3)
  5 jackals
  3 kobolds (D:3)
  A quokka (D:4)
  8 bats
  3 goblins (D:3)
  3 rats
54 creatures vanquished.

Notes
Turn   | Place    | Note
-------+----------+-------------------------------------------
     0 | D:1      | Lanoc the Deep Elf Wanderer began the quest for the Orb.
     0 | D:1      | Lanoc set off with the following items: a +2 dagger, a
                  | potion of heal wounds, 11 poisoned darts, a +0 dagger, a +0
                  | robe; and the following spell memorised: Beastly Appendage;
                  | and the following spells available to memorise: Spider Form
     0 | D:1      | Reached XP level 1. HP: 10/10 MP: 6/6
   156 | D:2      | Noticed Sigmund
   186 | D:2      | Killed Sigmund
   186 | D:2      | Reached skill level 5 in Spellcasting
   186 | D:2      | Reached XP level 2. HP: 17/18 MP: 6/10
   186 | D:2      | Reached XP level 3. HP: 21/22 MP: 7/12
   186 | D:2      | Reached XP level 4. HP: 26/27 MP: 7/13
   186 | D:2      | Reached XP level 5. HP: 29/31 MP: 8/15
   727 | D:3      | Noticed Ijyb
   745 | D:3      | Killed Ijyb
   745 | D:3      | Reached skill level 6 in Spellcasting
   853 | D:3      | Found a burning altar of Makhleb.
  2150 | D:4      | Reached XP level 6. HP: 37/37 MP: 17/17
  2569 | D:4      | Noticed Blork the orc
  2581 | D:4      | Killed Blork the orc
  2581 | D:4      | Reached skill level 7 in Spellcasting
  2846 | D:4      | Found a shimmering altar of Xom.
  2850 | D:4      | Became a worshipper of Xom of Chaos
  2891 | D:4      | XOM: silly message
  2907 | D:4      | Noticed Purgy
  2913 | D:4      | XOM: potion effect (stabbing)
  2923 | D:4      | XOM: enchant monster (good)
  2924 | D:4      | Killed Purgy
  2924 | D:4      | Reached XP level 7. HP: 22/43 MP: 19/19
  3162 | D:5      | Entered Level 5 of the Dungeon
  3199 | D:5      | Found a staircase to the Ecumenical Temple.
  3231 | Temple   | Entered the Ecumenical Temple
  3469 | Temple   | XOM: stat loss: -1 Dex (15/16)
  3513 | Temple   | Fell from the grace of Xom
  3513 | Temple   | Became a worshipper of the Wu Jian Council
  3733 | D:5      | HP: 2/43 [worm (1)]
  3742 | D:5      | Reached skill level 1 in Shields
  3744 | D:5      | Slain by a worm

Illustrated notes

Levels and vault maps discovered:
D:1:      dpeg_arrival_central, layout_loops_ring
D:2:      layout_loops_ring, minitemple, grunt_decor_fettered,
          uniq_crazy_yiuf_cottage, uniq_sigmund, uniq_jessica
D:3:      layout_basic, overflow_temple_1_default, roderic_roman_lattice,
          minmay_pentangle, uniq_ijyb
D:4:      layout_cave_pools, kennysheep_mini, uniq_purgy, uniq_blork_the_orc
D:5:      minmay_thick_lines, layout_loops_ring,
          minmay_temple_entry_statues_pillars, minmay_misc_feat_ornament,
          uniq_pikel
Temple:   minmay_temple_forest_path

Skill      XL: |  1  2  3  4  5  6  7 |
---------------+----------------------+-----
Fighting       | 2 3 4 |  4.3
Spellcasting   | 5 6 7 |  7.8
Shields        | 1 |  1.2
Staves         | |  2.0
Throwing       | |  2.0
Stealth        | |  1.2
Necromancy     | |  1.2
Air Magic      | |  2.0

Action                   |  1- 3 |  4- 6 |  7- 9 || total
-------------------------+-------+-------+-------++-------
Melee: Dagger            |     5 |   200 |    49 ||   254
       Kick              |       |    10 |     9 ||    19
       Headbutt          |       |     3 |     5 ||     8
Throw: Dart              |     9 |    42 |       ||    51
 Cast: Beastly Appendage |       |     5 |     6 ||    11
Invok: Lunge             |       |       |     1 ||     1
  Use: Potion            |       |     1 |       ||     1
 Stab: Sleeping          |     2 |     4 |     3 ||     9
Armor: Robe              |       |    69 |     8 ||    77
Dodge: Dodged            |     5 |   125 |    18 ||   148
Block: Buckler           |       |       |    12 ||    12

Table legend: (Time is in decaauts)
 A = Elapsed time spent in this place.
 B = Non-inter-level travel time spent in this place.
 C = Inter-level travel time spent in this place.
 D = Time resting spent in this place.
 E = Time spent auto-exploring this place.
 F = Levels seen in this place.
 G = Mean time per level.
                   A        B        C        D        E       F      G
               +--------+--------+--------+--------+--------+-----+--------+
         Total |   3739 |   3674 |     65 |      0 |   3082 |   6 |  623.2 |
       Dungeon |   3432 |   3412 |     20 |      0 |   2824 |   5 |  686.4 |
        Temple |    306 |    261 |     45 |      0 |    258 |   1 |  306.0 |
               +--------+--------+--------+--------+--------+-----+--------+

Top non-repeatable levels by time:
     D:3: 1740 daAuts
     D:4: 1107 daAuts
  Temple: 306 daAuts
     D:5: 276 daAuts
     D:2: 267 daAuts
     D:1: 41 daAuts
